 Dungeon Crawl Stone Soup version 0.28.0-47-ge53b351184 (webtiles) character file.

Game seed: 6929357490505405614

106 nickcage the Vexing (level 4, -3/21 HPs)
             Began as a Spriggan Enchanter on May 10, 2022.
             Was an Initiate of Dithmenos.
             Slain by a wyvern zombie (12 damage)
             ... on level 4 of the Dungeon.
             The game lasted 00:06:27 (3498 turns).

nickcage the Vexing (Spriggan Enchanter)            Turns: 3498, Time: 00:06:27

Health: -3/21      AC:  2    Str: 10    XL:     4   Next: 55%
Magic:  9/9        EV: 17    Int: 16    God:    Dithmenos [......]
Gold:   126        SH:  0    Dex: 17    Spells: 6/8 levels left

rFire   . . .      SeeInvis +   a - +1 dagger
rCold   . . .      Faith    .   (no shield)
rNeg    + . .      Spirit   .   b - +0 robe
rPois   .          Reflect  .   (helmet restricted)
rElec   .          Harm     .   (no cloak)
rCorr   .          Rampage  .   (gloves unavailable)
Will    .....                   (boots unavailable)
Stlth   +++.......              g - amulet of the acrobat
HPRegen 0.07/turn               o - +6 ring of strength
MPRegen 0.11/turn               l - ring of positive energy

@: very quick
A: very small, no large weapons, unfitting armour, see invisible, speed 3
a: Renounce Religion


You were on level 4 of the Dungeon.
You worshipped Dithmenos.
Dithmenos was noncommittal.
You visited 1 branch of the dungeon, and saw 4 of its levels.

You collected 126 gold pieces.

Inventory:

Hand Weapons
 a - a +1 dagger (weapon)
Missiles
 j - 2 poisoned darts
Armour
 b - a +0 robe (worn)
Jewellery
 g - an amulet of the acrobat (around neck)
 l - a ring of positive energy (right hand)
 n - a ring of fire
 o - a +6 ring of strength (left hand)
Wands
 i - a wand of paralysis (11)
 p - a wand of iceblast (6)
Scrolls
 d - a scroll of fog {unknown}
 f - a scroll of brand weapon {unknown}
 h - a scroll of blinking {unknown}
 q - a scroll of noise {unknown}
Potions
 c - a potion of invisibility
 e - a potion of degeneration {unknown}
 k - 3 potions of haste {unknown}
 m - a potion of ambrosia {unknown}
 r - a potion of flight {unknown}


   Skills:
 - Level 1.1 Short Blades
 - Level 2.6 Dodging
 - Level 4.4 Stealth
 - Level 2.6 Spellcasting
 + Level 6.5 Hexes
 - Level 0.1 Ice Magic


You had 6 spell levels left.
You knew the following spells:

 Your Spells              Type           Power      Damage    Failure   Level
a - Ensorcelled Hibernat  Hex/Ice        24%        N/A       8%          2

Your spell library contained the following spells:

 Spells                   Type           Power      Damage    Failure   Level
 Confusing Touch          Hex            22%        N/A       4%          3
 Tukima's Dance           Hex            22%        N/A       4%          3
 Dazzling Flash           Conj/Hex       24%        N/A       16%         3
 Apportation              Tloc           4%         N/A       19%         1
 Alistair's Intoxication  Tmut/Pois      1%         N/A       99%         5


Dungeon Overview and Level Annotations

Branches:
Dungeon (4/15)
 Temple: D:4-7

Altars:
Dithmenos
Elyvilon
Ru


Innate Abilities, Weirdness & Mutations

You are very small and have problems with some larger weapons.
You are too small for most types of armour.
You have supernaturally acute eyesight. (SInv)
You cover ground extremely quickly. (Speed+++)


Message History

The hound skeleton bites you. The hound skeleton misses you.
You hit the hound skeleton.
The hound skeleton is severely damaged.
The hound skeleton barely misses you.
You hit the hound skeleton.
The hound skeleton is severely damaged.
The hound skeleton bites you but does no damage.
You hit the hound skeleton but do no damage.
The hound skeleton is severely damaged.
The hound skeleton misses you.
You hit the hound skeleton.
The hound skeleton is severely damaged.
The hound skeleton barely misses you. The hound skeleton closely misses you.
You hit the hound skeleton.
The hound skeleton is almost destroyed.
The hound skeleton closely misses you.
You hit the hound skeleton.
You destroy the hound skeleton!
Dithmenos accepts your kill.
No target in view!
HP restored.
Found 13 stones.
Found 9 stones.
A wyvern zombie comes into view.
Found a crooked glowing staff.
The helpless wyvern zombie fails to defend itself.
You impale the wyvern zombie!!
The wyvern zombie is heavily damaged.
The wyvern zombie bites you!
You hit the wyvern zombie but do no damage.
The wyvern zombie is heavily damaged.
The wyvern zombie bites you but does no damage.
You barely miss the wyvern zombie.
The wyvern zombie is heavily damaged.
The wyvern zombie bites you. x2
You hit the wyvern zombie.
The wyvern zombie is heavily damaged.
The wyvern zombie bites you!
Ouch! That really hurt!
You die...

.. .. #.. #.# #. .#. #.
#...#...⌠...#...#..
#.#.#...#.#.#.#..... .
...##.##...#........
.#.# #.|.....#.#.#......
##...##.###.##...#......
#..Z@.......#.#)....
##.###.###.##.....#
#...............#...#
##.###(###.###.##.#..##
.. #....#..####.....<.#
.# .........##..###.....
.......#........####.(
#..#.........##..##
##.###......##....#


You could see a wyvern zombie.

Vanquished Creatures
  A hound skeleton (D:4)
  4 adders
  6 orcs (D:3)
  4 ball pythons
  7 bats
  4 endoplasms
  2 hobgoblins
  2 jackals (D:1)
  6 kobolds
  A quokka (D:2)
  6 frilled lizards
  3 goblins
  8 rats
54 creatures vanquished.

Notes
Turn   | Place    | Note
-------+----------+-------------------------------------------
     0 | D:1      | nickcage the Spriggan Enchanter began the quest for the
                  | Orb.
     0 | D:1      | Reached XP level 1. HP: 9/9 MP: 5/5
    54 | D:1      | Reached skill level 4 in Hexes
   233 | D:1      | Reached XP level 2. HP: 11/13 MP: 6/6
   236 | D:1      | Learned a level 2 spell: Ensorcelled Hibernation
  1027 | D:2      | Reached skill level 5 in Hexes
  1168 | D:2      | Reached XP level 3. HP: 16/16 MP: 0/8
  2333 | D:3      | Reached XP level 4. HP: 21/21 MP: 4/9
  2339 | D:3      | Reached skill level 6 in Hexes
  2885 | D:3      | Found a sacrificial altar of Ru.
  2919 | D:3      | Found a white marble altar of Elyvilon.
  3410 | D:4      | Found a shadowy altar of Dithmenos.
  3418 | D:4      | Became a worshipper of Dithmenos the Shadowed
  3498 | D:4      | Slain by a wyvern zombie

Illustrated notes

Levels and vault maps discovered:
D:1:      dpeg_arrival_windows_large_door, layout_rooms, palyth_stone_intersect
D:2:      layout_basic
D:3:      minmay_evil_eye, layout_basic, nicolae_ru_path_of_blood,
          mainiacjoe_overflow_alcove_4
D:4:      cheibrodos_helix_gallery, layout_cave_pools,
          nicolae_dithmenos_through_a_glass_darkly, kennysheep_small_spiral,
          minmay_misc_feat_rugged, nicolae_concentric_dashed_squares_wild

Skill      XL: |  1  2  3  4 |
---------------+-------------+-----
Hexes          | 4 5 6 |  6.5
Short Blades   | |  1.1
Dodging        | |  2.6
Stealth        | |  4.4
Spellcasting   | |  2.6
Ice Magic      | |  0.1

Action                   |  1- 3 |  4- 6 || total
-------------------------+-------+-------++-------
Melee: Dagger            |   117 |    33 ||   150
       Punch             |     2 |       ||     2
Throw: Dart              |     2 |       ||     2
 Cast: Ensorcelled Hiber |    27 |    10 ||    37
 Stab: Sleeping          |    27 |     8 ||    35
Armor: Robe              |     9 |     7 ||    16
Dodge: Dodged            |    88 |    29 ||   117
